Map: Frostline LE

Players

Tube

  • Race: Protoss Protoss
  • League: Diamond
  • Spawn Location: 7:00

PchamTaczke - Winner!

  • Race: Terran Terran
  • League: Master
  • Spawn Location: 1:00

VOD

Have the link to the VOD?

Description

Time

  • Played on: Feb. 6, 2025, 8:41 a.m.
  • Length: 9:17
Show
View Real Time Build Order
Export as new Build Order

Tube Protoss 

Build Orders: 1 Gate Expand, Double Forge 

Get SALT Encoding   

  12  0:00  Probe  
  13  0:12  Probe  
  14  0:17  Pylon  
  14  0:24  Probe  
  15  0:36  Probe  
  15  0:37  Gateway  
  16  0:48  Assimilator  
  16  0:49  Probe  
  17  1:12  Nexus  
  17  1:24  Cybernetics Core  
  17  1:25  Probe  
  18  1:32  Assimilator  
  18  1:37  Probe  
  19  1:46  Pylon  
  19  1:49  Probe  
  19  1:51  Adept  
  20  1:56  Gateway  
  20  2:01  Probe  
  23  2:09  Warp Gate  
  23  2:13  Probe  
  24  2:19  Stalker  
  26  2:24  Probe  
  26  2:25  Probe  
  28  2:33  Probe  
  28  2:34  Probe  
  29  2:41  Probe  
  29  2:42  Probe  
  30  2:46  Pylon  
  30  2:50  Probe  
  32  2:52  Probe  
  34  3:01  Pylon  
  34  3:02  Probe  
  34  3:04  Probe  
  36  3:05  Robotics Facility  
  36  3:10  Stalker  
  36  3:14  Probe  
  36  3:16  Probe  
  40  3:24  Probe  
  40  3:25  Probe  
  40  3:26  Forge  
  41  3:32  Probe  
  41  3:33  Probe  
  42  3:34  Assimilator  
  42  3:39  Forge  
  42  3:40  Probe  
  44  3:42  Probe  
  46  3:51  Assimilator  
  46  3:53  Probe  
  47  3:58  Stalker x2  
  47  4:02  Probe  
  50  4:05  Probe  
  50  4:06  Pylon  
  51  4:14  Probe  
  51  4:15  Protoss Ground Weapons Level 1  
  51  4:16  Protoss Ground Armor Level 1  
  52  4:20  Stalker x2  
  52  4:42  Stalker x2  
  52  4:45  Shield Battery  
  48  4:47  Immortal  
  52  5:06  Stalker x2  
  56  5:09  Probe x2  
  53  5:21  Probe x2  
  48  5:30  Stalker x2  
Show
View Real Time Build Order
Export as new Build Order

PchamTaczke Terran - Winner!

Build Orders: Cyclone Opening 

Get SALT Encoding   

  12  0:00  SCV  
  13  0:12  SCV  
  14  0:17  Supply Depot  
  14  0:24  SCV  
  15  0:38  SCV  
  15  0:39  Barracks  
  16  0:43  Refinery  
  16  0:50  SCV  
  16  0:52  Refinery  
  17  1:03  SCV  
  18  1:15  SCV  
  19  1:26  Reaper  
  19  1:27  Orbital Command  
  19  1:30  Supply Depot  
  20  1:40  Factory  
  20  1:52  SCV  
  21  1:58  Barracks Reactor  
  21  2:05  SCV  
  22  2:17  SCV  
  23  2:23  Command Center  
  23  2:32  Starport  
  23  2:35  Factory Tech Lab  
  23  2:37  Marine  
  23  2:41  Marine  
  25  2:47  Supply Depot  
  25  2:49  SCV  
  26  2:59  Cyclone  
  26  3:02  Marine  
  26  3:04  Marine  
  31  3:09  SCV  
  32  3:14  Medivac  
  34  3:20  Marine  
  34  3:22  Marine  
  34  3:25  Supply Depot  
  36  3:33  Siege Tank  
  39  3:39  Marine  
  39  3:40  Marine  
  39  3:41  SCV  
  42  3:46  Viking  
  44  3:52  Orbital Command  
  44  3:57  SCV  
  45  4:03  Supply Depot  
  45  4:05  Marine  
  45  4:06  Marine  
  46  4:13  Siege Tank  
  49  4:23  Marine  
  49  4:24  Marine, Viking  
  52  4:28  SCV  
  52  4:29  SCV  
  50  4:40  SCV  
  50  4:41  SCV  
  50  4:42  Marine x2  
  50  4:45  Supply Depot  
  54  4:49  Siege Tank  
  54  4:52  SCV  
  58  4:54  SCV  
  58  4:57  Viking  
  61  5:03  Supply Depot  
  61  5:04  SCV  
  62  5:08  Marine x2  
  62  5:13  SCV  
  65  5:16  SCV  
  64  5:24  Siege Tank  
  64  5:25  SCV  
  69  5:28  SCV  
  69  5:31  Marine x2  
  68  5:36  Viking  
  67  5:48  SCV x2  
  67  6:41  Siege Tank, Marine x2  
  67  6:42  Viking  
  67  6:54  Barracks, SCV x2  
  67  6:56  Barracks  
  67  6:57  Refinery, Engineering Bay  
  67  7:01  Command Center  
  67  7:10  Barracks  
  67  7:11  Barracks  
  67  7:18  Starport Reactor  
  67  7:41  Barracks  
  67  7:44  Factory Reactor  
  67  8:00  Refinery  
  67  8:04  Supply Depot  
  67  8:05  Supply Depot  
  67  8:09  Engineering Bay  
  67  8:10  Armory  
  67  8:13  SCV x2, Barracks Tech Lab, Barracks Reactor  
  67  8:21  Barracks Reactor  
  67  8:25  SCV x2  
  67  8:26  Medivac x2, Widow Mine x2  
  67  8:37  SCV  
  67  8:38  SCV  
  67  8:50  SCV x2  
  67  8:59  Supply Depot  
  67  9:02  SCV x2  
Tags
 
Add a new tag
Caveats
  • Supply blocks, unpowered buildings, or Contaminate may cause inaccurate times.
  • Supply counts are checked every 10 seconds.